 Dungeon Crawl Stone Soup version 0.15-a0-1206-g3bad1a6 (webtiles) character file.

74 PolkaDot the Vexing (level 4, -6/30 HPs)
             Began as a Vampire Enchanter on June 1, 2014.
             Mangled by an orc
             ... wielding a +0,+0 short sword
              (7 damage)
             ... on Level 3 of the Dungeon.
             The game lasted 00:08:28 (2327 turns).

PolkaDot the Vexing (Vampire Enchanter)             Turns: 2327, Time: 00:08:28

HP  -6/30        AC  5     Str  7      XL: 4   Next:  9%
MP   2/7         EV 12     Int 18      God:
Gold 92          SH  0     Dex 14      Spells:  3 memorised,  1 level left

rFire  . . .     SeeInvis +     a - +1 dagger
rCold  + + .     Clarity  .     b - +1 robe
rNeg   + + +     rCorr    +     (no shield)
rPois  +         rRot     +     h - +0 helmet
rElec  .         Spirit   .     e - +0 cloak
SustAb .         Warding  .     (no gloves)
rMut   .         Stasis   .     (no boots)
Gourm  .                        m - amulet of resist corrosion
MR     .....                    (no ring)
                                (no ring)

@: bloodless, non-regenerating, not resistant to hostile enchantments, fairly
stealthy
A: fangs 3, see invisible, unbreathing
a: Bat Form


You were on level 3 of the Dungeon.
You were bloodless.

You visited 1 branch of the dungeon, and saw 3 of its levels.

You collected 92 gold pieces.

Inventory:

Hand weapons
 a - a +1,+1 dagger (weapon)
Armour
 b - a +1 robe (worn)
 e - a +0 cloak (worn)
 h - a +0 helmet (worn)
Magical devices
 k - a wand of magic darts (11) {unknown}
 l - a wand of digging (12) {unknown}
Scrolls
 f - 3 scrolls of teleportation {unknown}
 i - a scroll of fear {unknown}
 j - 3 scrolls of identify {unknown}
 n - 2 scrolls of immolation {unknown}
 o - a scroll of remove curse {unknown}
Jewellery
 m - an amulet of resist corrosion (around neck)
Potions
 d - a potion of coagulated blood {@w2}
Books
 c - a book of Maledictions

   Spells                             Type                      Level
   *Corona                            Hexes                        1
   *Sure Blade                        Hexes/Charms                 2
   Ensorcelled Hibernation            Hexes/Ice                    2
   *Confuse                           Hexes                        3
   Dazzling Spray                     Conjuration/Hexes            3
   Enslavement                        Hexes                        4


   Skills:
 - Level 2.5 Short Blades
 - Level 2.1 Dodging
 + Level 4.8 Stealth
 - Level 2.0 Spellcasting
 * Level 5.8 Hexes
 + Level 1.2 Charms


You had one spell level left.
You knew the following spells:

 Your Spells              Type           Power        Failure   Level  Hunger
a - Corona                Hex            ###....      1%          1    #......
b - Sure Blade            Hex/Chrm       ##........   8%          2    ##.....
c - Confuse               Hex            ###.....     6%          3    ####...


Dungeon Overview and Level Annotations

Branches:
Dungeon (3/15)

Altars:
Vehumet


Innate Abilities, Weirdness & Mutations

You do not heal naturally.
You have razor-sharp teeth.*
You have supernaturally acute eyesight.
You can survive without breathing.*


Message History

You don't have enough magic to cast that spell.
You hit the orc but do no damage. The orc barely misses you.
The orc misses you.
You hit the orc but do no damage. The orc hits you but does no damage.
You hit the orc.
The orc is heavily wounded.
The orc closely misses you. The orc hits you with a short sword.
* * * LOW HITPOINT WARNING * * *
You closely miss the orc. You bite the orc, but do no damage.
The orc is heavily wounded.
The orc completely misses you. The orc hits you with a trident.
* * * LOW HITPOINT WARNING * * *
You barely miss the orc.
The orc is heavily wounded.
The orc hits you with a short sword.
* * * LOW HITPOINT WARNING * * *
You closely miss the orc.
The orc is heavily wounded.
The orc hits you but does no damage. The orc hits you with a short sword!
You die...

### ..#
########################.#
.............#.o@oooo..#.#
.......).###.#.######....########
.#...#...>.......................
###.###..........................
.#...#....#.##.######..#########
..._......#.##.# #..#
.#...#....#.##.# #..#
###.###......... ....
.#...#....#.##+# ##..#


You could see 5 orcs.

Vanquished Creatures
  An adder (D:2)
  4 giant geckos
  4 orcs (D:3)
  7 bats
  A giant cockroach (D:1)
  3 hobgoblins (D:1)
  8 jackals
  8 kobolds
  2 giant newts
  8 goblins
  A quokka (D:2)
  8 rats
55 creatures vanquished.

Vanquished Creatures (others)
  A quokka (D:2)
1 creature vanquished.

Grand Total: 56 creatures vanquished

Notes
Turn   | Place    | Note
--------------------------------------------------------------
     0 | D:1      | PolkaDot, the Vampire Enchanter, began the quest for the Orb.
     0 | D:1      | Reached XP level 1. HP: 13/13 MP: 3/3
   236 | D:1      | Reached XP level 2. HP: 19/19 MP: 4/4
   251 | D:1      | Learned a level 2 spell: Sure Blade
   521 | D:1      | Reached skill level 5 in Hexes
   570 | D:1      | Reached XP level 3. HP: 17/24 MP: 3/6
   948 | D:1      | Learned a level 3 spell: Confuse
  1474 | D:2      | Reached skill level 1 in Charms
  2210 | D:3      | Reached XP level 4. HP: 30/30 MP: 7/7
  2243 | D:3      | Found a radiant altar of Vehumet.
  2326 | D:3      | HP: 1/30 [orc/short sword (1)]
  2327 | D:3      | Mangled by an orc

Action                   |  1- 3 |  4- 6 || total
-------------------------+-------+-------++-------
Melee: Dagger            |   178 |    27 ||   205
 Cast: Corona            |    11 |       ||    11
       Sure Blade        |     8 |       ||     8
       Confuse           |    15 |     2 ||    17
  Use: Potion            |       |     1 ||     1
 Stab: Sleeping          |     7 |     1 ||     8
       Confused          |     3 |     2 ||     5
